Map: Year Zero LE

Players

TheTRUTH

  • Race: Protoss Protoss
  • League: Master
  • Spawn Location: 11:00

Lolebiv - Winner!

  • Race: Zerg Zerg
  • League: Grandmaster
  • Spawn Location: 1:00

VOD

Have the link to the VOD?

Description

Time

  • Played on: May 16, 2019, 12:15 a.m.
  • Length: 18:37
Show
View Real Time Build Order
Export as new Build Order

TheTRUTH Protoss 

Build Orders: Phoenix Opening, Chargelot Immortal 

Get SALT Encoding   

  12  0:00  Probe  
  13  0:12  Probe  
  14  0:18  Pylon  
  14  0:24  Probe  
  15  0:32  Probe  
  15  0:38  Gateway  
  15  0:40  Probe  
  16  0:47  Assimilator  
  17  0:51  Probe  
  18  0:59  Probe  
  18  1:00  Pylon  
  19  1:07  Probe  
  19  1:17  Probe  
  21  1:27  Cybernetics Core  
  21  1:45  Nexus  
  21  1:50  Probe  
  22  1:55  Assimilator  
  22  2:02  Probe  
  22  2:07  Stargate  
  23  2:10  Probe  
  23  2:11  Zealot  
  26  2:18  Probe  
  26  2:29  Probe  
  27  2:33  Warp Gate  
  28  2:38  Stalker  
  28  2:42  Pylon  
  30  2:45  Probe  
  31  2:56  Phoenix  
  33  3:00  Probe  
  33  3:01  Probe  
  35  3:10  Probe  
  35  3:11  Forge  
  35  3:13  Probe  
  35  3:18  Probe  
  37  3:26  Phoenix  
  40  3:27  Probe  
  40  3:30  Probe  
  42  3:36  Twilight Council  
  42  3:39  Probe  
  42  3:40  Protoss Ground Weapons Level 1  
  43  3:45  Probe  
  44  3:51  Probe  
  44  3:54  Charge  
  45  3:58  Probe  
  45  4:02  Gateway  
  46  4:03  Gateway  
  46  4:06  Gateway  
  46  4:10  Probe  
  46  4:13  Probe  
  48  4:22  Probe  
  48  4:23  Pylon  
  49  4:25  Probe  
  49  4:28  Zealot  
  52  4:34  Probe  
  52  4:37  Probe  
  54  4:41  Pylon  
  54  4:46  Probe  
  54  4:49  Pylon  
  54  4:51  Nexus  
  55  4:56  Zealot  
  55  4:58  Zealot  
  59  5:00  Zealot  
  59  5:04  Zealot  
  63  5:17  Probe x2  
  63  5:20  Assimilator  
  65  5:22  Assimilator  
  65  5:23  Robotics Facility  
  65  5:26  Templar Archives  
  65  5:27  Zealot x2  
  69  5:33  Zealot x2  
  73  5:45  Probe x2  
  75  5:51  Pylon  
  75  5:54  Photon Cannon  
  76  5:57  Protoss Ground Weapons Level 2, Probe x2  
  76  6:04  Probe  
  76  6:08  Zealot  
  76  6:09  Zealot, Probe x2  
  80  6:16  Probe  
  80  6:17  Observer  
  80  6:18  Photon Cannon  
  79  6:19  Sentry  
  79  6:20  Sentry  
  79  6:21  Probe, Pylon  
  81  6:26  Immortal  
  81  6:32  Psionic Storm  
  81  6:37  Assimilator  
  75  6:40  Probe x2  
  75  6:42  Assimilator  
  73  6:50  Zealot x3, High Templar  
  81  6:57  Immortal  
  81  7:01  Pylon  
  81  7:05  Probe x2, Pylon  
  81  7:06  Probe  
  88  7:13  Stalker  
  88  7:14  Stalker  
  92  7:15  High Templar  
  92  7:17  Probe  
  95  7:22  Gateway  
  95  7:24  Gateway  
  95  7:27  Gateway  
  95  7:28  Immortal  
  95  7:35  Probe  
  95  7:36  Probe x2  
  98  7:40  Gateway  
  98  7:43  Pylon  
  102  7:54  High Templar  
  102  7:55  High Templar x2  
  102  7:57  Pylon  
  102  7:58  Probe  
  109  8:01  Probe x2  
  109  8:02  Protoss Ground Weapons Level 3  
  109  8:03  Warp Prism  
  111  8:10  Probe  
  109  8:17  Pylon  
  109  8:18  Pylon  
  111  8:21  Gateway  
  111  8:22  Blink  
  111  8:23  Gateway  
  111  8:30  Stalker x2  
  111  8:33  Zealot x2  
  119  8:36  Zealot  
  121  8:47  Nexus  
  121  8:52  Photon Cannon  
  121  8:59  Pylon  
  119  9:06  Immortal  
  115  9:25  Zealot x8  
  131  9:36  Immortal  
  94  9:48  High Templar x2  
  94  9:49  Stalker x5  
  94  9:50  Stalker  
  114  9:54  Photon Cannon x2  
  114  9:56  Pylon  
  114  10:03  Immortal  
  98  10:16  Nexus  
  98  10:18  Pylon  
  98  10:19  High Templar x4  
  98  10:20  Sentry, Pylon  
  111  10:21  Stalker x2  
  115  10:32  Probe x3  
  115  10:34  Zealot  
  120  10:38  Photon Cannon  
  120  10:39  Protoss Ground Armor Level 1  
  120  10:40  Photon Cannon  
  118  10:43  Zealot x2  
  110  11:08  Stalker x8  
  110  11:09  Stalker  
  128  11:14  Pylon  
  128  11:21  Warp Prism  
  128  11:25  Sentry  
  132  11:39  Zealot x4  
  140  11:42  Nexus  
  140  11:44  Pylon  
  140  11:46  Pylon  
  140  11:58  Observer  
  141  12:11  High Templar x4  
  141  12:13  Zealot x5  
  141  12:15  Photon Cannon  
  157  12:17  Archon  
  157  12:18  Archon  
  157  12:21  Photon Cannon  
  157  12:25  Assimilator  
  157  12:27  Protoss Shields Level 1  
  157  12:28  Assimilator  
  147  12:42  High Templar x3  
  147  12:43  Zealot x2, High Templar  
  147  12:44  Zealot  
  157  12:48  Archon  
  157  12:49  Archon  
  155  12:52  Zealot  
  155  12:54  Immortal  
  157  13:12  Archon x2  
  141  13:16  Zealot  
  141  13:17  Zealot x4, Stalker x2  
  141  13:18  Stalker x2  
  113  13:36  Stalker  
  113  13:40  Immortal  
  81  13:52  High Templar x2  
  81  13:54  High Templar  
  81  13:55  High Templar, Sentry  
  89  13:57  Stalker x4  
  99  14:07  Stalker  
  99  14:08  Protoss Ground Armor Level 2  
  99  14:10  Probe x2  
  99  14:12  Gateway  
  99  14:14  Immortal  
  101  14:17  Gateway  
  105  14:24  Zealot x3  
  105  14:25  Zealot  
  105  14:29  High Templar x2  
  105  14:30  High Templar  
  119  14:31  High Templar  
  119  14:34  Archon  
  119  14:35  Archon  
  119  14:36  Stalker  
  123  14:43  Warp Prism  
  123  14:57  Zealot x2, High Templar x2  
  123  14:58  Zealot  
  135  15:00  Probe x2  
  135  15:01  Probe  
  135  15:05  Archon, Pylon  
  138  15:14  Observer  
  138  15:15  Nexus  
  138  15:17  Probe  
  140  15:28  Zealot  
  140  15:29  Zealot x3  
  147  15:35  Probe  
  147  15:36  Photon Cannon  
  147  15:55  Probe x2  
  147  15:56  Probe  
  146  16:05  Stalker x5  
  146  16:08  High Templar  
  146  16:09  High Templar x2  
  146  16:10  High Templar  
  164  16:25  Zealot  
  164  16:34  Assimilator  
  164  16:36  Assimilator  
  162  16:43  High Templar  
  162  16:44  High Templar x3  
  162  16:45  Stalker x6  
  177  16:49  Archon x2  
  142  17:17  Stalker x4  
  142  17:18  Stalker x5  
  156  17:23  Shield Battery  
  152  17:35  High Templar x3  
  158  17:55  Archon  
  158  17:56  High Templar  
  160  18:01  Zealot x6  
  160  18:04  Nexus  
  76  18:27  Zealot  
  76  18:28  Zealot x6  
  76  18:29  Zealot x3  
Show
View Real Time Build Order
Export as new Build Order

Lolebiv Zerg - Winner!

Build Orders: Hatch First, Brood Lord Corruptor, Roach Hydra 

Get SALT Encoding   

  12  0:01  Drone  
  13  0:14  Overlord  
  13  0:19  Drone  
  14  0:33  Drone x2  
  16  0:43  Drone  
  17  0:55  Hatchery  
  16  1:02  Drone  
  16  1:03  Drone  
  18  1:15  Spawning Pool  
  18  1:18  Drone  
  18  1:23  Drone  
  19  1:36  Drone  
  20  1:46  Hatchery  
  19  1:51  Drone  
  20  1:56  Drone  
  21  2:07  Queen  
  23  2:09  Queen  
  25  2:18  Zergling x4  
  25  2:22  Zergling x2  
  28  2:27  Overlord  
  28  2:43  Overlord  
  28  2:49  Queen x2  
  32  2:54  Drone  
  32  2:55  Drone x2  
  35  2:59  Drone  
  35  3:00  Drone  
  35  3:03  Drone  
  35  3:04  Drone  
  39  3:10  Overlord  
  39  3:18  Drone x3  
  42  3:21  Overlord  
  42  3:31  Overlord  
  42  3:34  Drone x4  
  42  3:37  Extractor  
  42  3:38  Extractor, Drone  
  42  3:39  Drone  
  46  3:42  Drone  
  46  3:45  Spore Crawler  
  46  3:50  Spore Crawler  
  46  3:51  Spore Crawler  
  44  4:00  Drone x5  
  49  4:10  Drone x6  
  55  4:17  Overlord  
  55  4:26  Roach Warren  
  54  4:33  Lair  
  54  4:34  Drone x4  
  58  4:40  Overlord  
  58  4:41  Overlord  
  58  4:47  Drone x4  
  58  4:48  Drone x3  
  65  4:58  Overlord  
  65  5:06  Drone x9  
  74  5:12  Extractor  
  72  5:15  Extractor  
  72  5:17  Roach x6, Extractor  
  82  5:32  Glial Reconstitution  
  82  5:34  Drone  
  83  5:36  Extractor  
  83  5:38  Drone x3  
  83  5:40  Overlord x4  
  84  5:48  Evolution Chamber  
  84  5:49  Hydralisk Den  
  81  5:59  Roach x6  
  81  6:00  Roach x2  
  93  6:08  Roach x3  
  95  6:15  Roach x2  
  95  6:17  Queen x3  
  96  6:31  Roach  
  96  6:32  Roach x5  
  101  6:38  Drone  
  101  6:39  Drone x2  
  104  6:57  Drone x3  
  104  6:58  Overlord x4  
  105  7:07  Hatchery  
  104  7:14  Drone  
  103  7:16  Zerg Missile Weapons Level 1  
  103  7:17  Muscular Augments  
  103  7:23  Spore Crawler  
  102  7:32  Overlord x2  
  102  7:34  Drone x3  
  102  7:35  Drone x11  
  116  7:38  Metabolic Boost  
  116  7:41  Hydralisk  
  118  7:54  Hydralisk x5  
  128  8:00  Overlord  
  128  8:01  Overlord  
  128  8:11  Hydralisk x8  
  142  8:20  Overlord x3, Infestation Pit  
  142  8:21  Overlord  
  141  8:28  Extractor x2, Grooved Spines, Drone x2  
  141  8:30  Drone  
  142  8:38  Hydralisk x6  
  153  8:42  Spine Crawler  
  153  8:43  Spine Crawler  
  151  8:51  Hydralisk x3  
  157  8:58  Hydralisk  
  157  8:59  Hydralisk, Zergling x2  
  157  9:00  Zergling x12  
  166  9:05  Hydralisk  
  168  9:11  Hydralisk  
  168  9:12  Hydralisk x2  
  174  9:21  Hydralisk  
  174  9:22  Hydralisk  
  174  9:24  Zergling x2  
  174  9:25  Spine Crawler, Zergling x16  
  174  9:29  Hive  
  154  9:51  Spire  
  153  9:53  Spine Crawler  
  152  10:01  Hatchery  
  143  10:07  Zergling x2  
  143  10:08  Zergling x40  
  158  10:31  Zerg Melee Weapons Level 1  
  158  10:32  Drone  
  158  10:33  Drone x8  
  158  10:34  Spine Crawler  
  165  10:36  Spine Crawler  
  154  11:01  Hydralisk x4  
  154  11:02  Hydralisk x14  
  184  11:06  Greater Spire  
  182  11:18  Adrenal Glands  
  182  11:22  Spine Crawler  
  181  11:51  Corruptor x8  
  181  11:52  Corruptor  
  190  12:12  Zergling x2  
  190  12:13  Zergling x22  
  200  12:25  Brood Lord  
  200  12:28  Brood Lord  
  200  12:29  Brood Lord  
  198  12:33  Brood Lord  
  199  12:37  Extractor  
  199  12:38  Extractor  
  199  12:40  Brood Lord x3  
  191  12:51  Brood Lord  
  191  12:52  Brood Lord  
  191  12:55  Zergling x16  
  165  13:14  Zergling x2  
  165  13:15  Zergling x22  
  147  13:24  Zergling x4  
  122  13:37  Hydralisk x2  
  122  13:38  Hydralisk x4  
  126  13:43  Hydralisk  
  127  13:51  Hydralisk x4  
  135  13:58  Drone x2  
  135  13:59  Drone x3  
  135  14:00  Drone  
  141  14:10  Drone x2  
  141  14:11  Drone  
  144  14:17  Zerg Melee Weapons Level 2, Pathogen Glands  
  144  14:18  Zerg Flyer Armor Level 1  
  144  14:19  Spine Crawler  
  144  14:21  Spine Crawler x3  
  144  14:22  Corruptor x7  
  152  14:25  Spine Crawler  
  152  14:26  Spore Crawler  
  152  14:29  Spine Crawler  
  149  14:38  Burrow, Pneumatized Carapace  
  149  14:39  Overseer x2  
  149  14:52  Corruptor x3  
  149  15:00  Drone  
  149  15:01  Drone x2  
  149  15:02  Spine Crawler x2  
  149  15:03  Spine Crawler  
  149  15:06  Spine Crawler  
  148  15:07  Spine Crawler x2, Drone x4  
  148  15:08  Spine Crawler, Drone x2  
  148  15:11  Drone x3  
  148  15:13  Spine Crawler  
  153  15:14  Spine Crawler  
  153  15:17  Brood Lord x2  
  153  15:18  Brood Lord x2  
  160  15:22  Brood Lord  
  160  15:26  Corruptor  
  160  15:27  Corruptor x3  
  170  15:30  Corruptor  
  171  15:42  Corruptor x3  
  177  16:02  Hatchery  
  176  16:13  Queen  
  178  16:20  Infestor x6  
  178  16:22  Overseer  
  178  16:23  Zergling x8  
  178  16:24  Zergling x10  
  192  16:55  Zergling x20  
  192  16:58  Zergling x2  
  192  16:59  Zergling x14  
  170  17:25  Brood Lord x5  
  179  17:45  Zergling x36  
  179  17:46  Zergling x2  
  198  18:05  Hatchery  
Tags
 
Add a new tag
Caveats
  • Supply blocks, unpowered buildings, or Contaminate may cause inaccurate times.
  • Supply counts are checked every 10 seconds.